 Dungeon Sprint DCSS version 0.21-a0-59-g7b0e191 (webtiles) character file.

3218 Kidiri the Grappler (level 9, -2/97 HPs)
             Began as a Troll Monk on June 16, 2017.
             Was an Elder of Uskayaw.
             Slain by a ten-headed hydra (5 damage)
             ... in the Dungeon (Sprint IX: "|||||||||||||||||||||||||||||").
             The game lasted 00:03:44 (615 turns).

Kidiri the Grappler (Troll Monk)                     Turns: 615, Time: 00:03:45

Health: -2/97      AC:  9    Str: 21    XL:     9   Next: 65%
Magic:  8/11       EV: 15    Int:  6    God:    Uskayaw [****..]
Gold:   26         SH:  0    Dex: 15    Spells: 8/8 levels left

rFire    + . .     SeeInvis .     - Unarmed
rCold    . . .     Gourm    +   (no shield)
rNeg     . . .     Faith    .   a - +0 robe
rPois    .         Spirit   .   (helmet restricted)
rElec    .         Reflect  .   (no cloak)
rCorr    .         Harm     .   (gloves unavailable)
MR       .....     Clarity  +   (boots unavailable) Stlth +++.......NoTele +
                                (no amulet)
HPRegen  0.66/turn              n - +2 ring of protection
MPRegen  0.12/turn              o - +2 ring of protection

@: no status effects
A: unfitting armour, claws 3, clarity, fire resistance 1, fast metabolism 3,
gourmand, regeneration 1, shaggy fur 1, tough skin 2
a: Stomp, Line Pass, Renounce Religion


You were in the Dungeon.
You worshipped Uskayaw.
Uskayaw was noncommittal.
You were completely stuffed.

You visited 1 branch You collected 26 gold pieces.

Inventory:

Armour
 a - a +0 robe (worn)
Jewellery
 n - a +2 ring of protection (left claw)
 o - a +2 ring of protection (right claw)
Wands
 m - a wand of iceblast (7/15)
Scrolls
 h - 4 scrolls of blinking
 k - 3 scrolls of remove curse
 l - 2 scrolls of amnesia
 r - a scroll of identify
 s - a scroll of fog
 t - a scroll of fear
 u - 2 scrolls of enchant weapon
Potions
 c - 5 potions of curing
 d - 7 potions of heal wounds
 e - a potion of haste
 f - 4 potions of magic
 g - a potion of berserk rage
 j - a potion of invisibility
 p - a potion of resistance
 q - a potion of might
Comestibles
 b - 2 bread rations
 i - 20 chunks of flesh


   Skills:
 * Level 8.5 Fighting
 + Level 4.8 Throwing
 + Level 5.7 Armour
 * Level 8.5 Dodging
 * Level 6.3 Stealth
 * Level 10.2 Unarmed Combat
 + Level 5.0 Invocations
 + Level 4.0 Evocations


You had 8 spell levels left.
You didn't know any spells.

Dungeon Overview and Level Annotations

Branches:
Dungeon (1/1)

Altars:
Cheibriados
Dithmenos
Elyvilon
Fedhas
Gozag
Hepliaklqana
Kikubaaqudgha
Makhleb
Nemelex Xobeh
Okawaru
Qazlal
Ru
Sif Muna
Trog
Uskayaw
Vehumet
Wu Jian
Xom
Yredelemnul
Zin
The Shining One
Beogh
Jiyva
Lugonu


Innate Abilities, Weirdness & Mutations

You are too large for most types of armour.
You have claws for hands.
Your metabolism is lightning-fast.
You like to eat raw meat.
Your natural rate of healing is unusually fast.
You are covered in fur. (AC +1)
You have very tough skin. (AC +2)
You possess an exceptional clarity of mind.
Your flesh is heat resistant. (rF+)


Message History

The eight-headed hydra is no longer paralysed.
The black mamba is no longer paralysed.
The helpless nine-headed hydra fails to defend itself.
You tear one of the nine-headed hydra's heads off!
The eight-headed hydra grows two more!
You claw the ten-headed hydra!
The ten-headed hydra is almost dead.
The water moccasin is no longer paralysed.
The yak is no longer paralysed.
The crocodile is no longer paralysed.
The ten-headed hydra is no longer paralysed.
The ten-headed hydra bites you.
* * * LOW HITPOINT WARNING * * *
The ten-headed hydra bites you but does no damage. x3
The ten-headed hydra bites you.
* * * LOW HITPOINT WARNING * * *
The ten-headed hydra bites you!
* * * LOW HITPOINT WARNING * * *
The ten-headed hydra bites you!
* * * LOW HITPOINT WARNING * * *
The ten-headed hydra bites you.
You die...

▓.▓_▓
▓S▓.▓_▓
▓D▓.▓_▓
▓S▓.▓_▓
▓Y▓.▓_▓
▓D▓.▓_▓
▓t▓.▓_▓
▓D▓.▓_▓
▓@▓.▓_▓
▓%▓.▓_▓
▓.▓.▓_▓
▓.▓.▓_▓
▓.▓.▓_▓
▓.▓.▓_▓
▓.▓.▓_▓
▓.▓.▓_▓
▓.▓.▓_▓


You could see a ten-headed hydra, an eight-headed hydra, a six-headed hydra, a
black mamba, a yak, a water moccasin and a crocodile.

Vanquished Creatures
  A centaur warrior (D)
  An ugly thing (D)
  A spiny frog (D)
  2 komodo dragons (D)
  2 yaks (D)
  An acid dragon (D)
  A porcupine (D)
  A sky beast (D)
  An orc warrior (D)
  3 crocodiles (D)
  A wolf (D)
  2 centaurs (D)
  2 bullfrogs (D)
  A scorpion (D)
  A jelly (D)
  A hound (D)
  A worker ant (D)
  An adder (D)
  A bat (D)
  A bat skeleton (D)
  A jackal (D)
  A quokka (D)
  A frilled lizard (D)
  2 kobolds (D)
  A rat (D)
32 creatures vanquished.

Notes
Turn   | Place    | Note
-------+----------+-------------------------------------------
     0 | D        | Kidiri the Troll Monk began the quest for the Orb.
     0 | D        | Reached XP level 1. HP: 22/22 MP: 0/0
    27 | D        | Noticed a sky beast
    27 | D        | Noticed a centaur
    27 | D        | Noticed a scorpion
    27 | D        | Noticed a worker ant
    32 | D        | Killed a worker ant
    32 | D        | Reached skill level 1 in Armour
    32 | D        | Reached skill level 4 in Unarmed Combat
    32 | D        | Reached XP level 2. HP: 27/31 MP: 1/1
    34 | D        | Reached XP level 3. HP: 32/37 MP: 2/2
    40 | D        | Killed a scorpion
    40 | D        | Reached XP level 4. HP: 41/48 MP: 3/3
    43 | D        | Killed a centaur
    43 | D        | Reached skill level 5 in Unarmed Combat
    43 | D        | Reached XP level 5. HP: 47/55 MP: 4/4
    55 | D        | Killed a sky beast
    55 | D        | Reached skill level 5 in Fighting
    55 | D        | Reached skill level 5 in Dodging
    55 | D        | Reached skill level 6 in Unarmed Combat
    69 | D        | Found a roughly hewn altar of Beogh.
    69 | D        | Found a snail-covered altar of Cheibriados.
    69 | D        | Found a shadowy altar of Dithmenos.
    69 | D        | Found a white marble altar of Elyvilon.
    69 | D        | Found a blossoming altar of Fedhas.
    69 | D        | Found an opulent altar of Gozag.
    70 | D        | Found a hazy altar of Hepliaklqana.
    71 | D        | Found a viscous altar of Jiyva.
    72 | D        | Found an ancient bone altar of Kikubaaqudgha.
    73 | D        | Found a corrupted altar of Lugonu.
    74 | D        | Found a burning altar of Makhleb.
    75 | D        | Found a sparkling altar of Nemelex Xobeh.
    76 | D        | Found an iron altar of Okawaru.
    77 | D        | Found a stormy altar of Qazlal.
    78 | D        | Found a sacrificial altar of Ru.
    79 | D        | Found a deep blue altar of Sif Muna.
    80 | D        | Found a bloodstained altar of Trog.
    81 | D        | Found a hide-covered altar of Uskayaw.
    82 | D        | Found a radiant altar of Vehumet.
    83 | D        | Found an ornate altar of the Wu Jian Council.
    84 | D        | Found a shimmering altar of Xom.
    85 | D        | Found a basalt altar of Yredelemnul.
    86 | D        | Found a glowing silver altar of Zin.
    87 | D        | Found a glowing golden altar of the Shining One.
    89 | D        | Became a worshipper of Uskayaw the Reveler
    89 | D        | Reached * piety under Uskayaw
   129 | D        | Reached XP level 6. HP: 58/66 MP: 5/5
   129 | D        | Reached ** piety under Uskayaw
   130 | D        | Reached skill level 1 in Invocations
   133 | D        | Reached *** piety under Uskayaw
   134 | D        | Reached skill level 1 in Throwing
   136 | D        | Reached **** piety under Uskayaw
   137 | D        | Reached skill level 1 in Evocations
   138 | D        | Reached skill level 7 in Unarmed Combat
   178 | D        | Noticed an acid dragon
   178 | D        | Noticed a centaur warrior
   178 | D        | Noticed a green ugly thing
   178 | D        | Noticed an orc warrior
   188 | D        | Killed an acid dragon
   188 | D        | Reached XP level 7. HP: 50/75 MP: 2/7
   197 | D        | Killed a centaur warrior
   197 | D        | Reached skill level 5 in Stealth
   197 | D        | Reached skill level 8 in Unarmed Combat
   197 | D        | Reached XP level 8. HP: 42/87 MP: 0/9
   202 | D        | Reached ***** piety under Uskayaw
   207 | D        | Killed a green ugly thing
   207 | D        | Reached skill level 9 in Unarmed Combat
   214 | D        | Reached ****** piety under Uskayaw
   231 | D        | Gained mutation: You are somewhat resistant to further mutation. [mutagenic meat]
   371 | D        | Lost mutation: You are somewhat resistant to further mutation. [potion of mutation]
   371 | D        | Gained mutation: Your flesh is heat resistant. (rF+) [potion of mutation]
   371 | D        | Gained mutation: You possess an exceptional clarity of mind. [potion of mutation]
   394 | D        | Noticed a komodo dragon
   398 | D        | Reached skill level 5 in Armour
   403 | D        | Noticed a komodo dragon
   405 | D        | Reached XP level 9. HP: 80/96 MP: 11/11
   416 | D        | Killed a komodo dragon
   420 | D        | Killed a komodo dragon
   420 | D        | Reached skill level 10 in Unarmed Combat
   434 | D        | Noticed a spiny frog
   454 | D        | Killed a spiny frog
   454 | D        | Reached skill level 5 in Invocations
   604 | D        | Noticed an eight-headed hydra
   604 | D        | Noticed a black mamba
   604 | D        | Noticed a four-headed hydra
   612 | D        | Noticed a six-headed hydra
   615 | D        | HP: 3/97 [ten-headed hydra (11)]
   615 | D        | Slain by a ten-headed hydra

Vault maps used:
D:        linesprint

Skill      XL: |  1  2  3  4  5  6  7  8  9 |
---------------+----------------------------+-----
Fighting       | 3 4 5 6 7 8 |  8.5
Armour         | 1 2 3 4 5 |  5.7
Dodging        | 3 4 5 6 7 8 |  8.5
Stealth        | 2 3 4 5 6 |  6.3
Unarmed Combat | 4 5 6 7 8 9 10 | 10.2
Invocations    | 2 3 4 5 |  5.0
Throwing       | 2 3 4 |  4.8
Evocations     | 1 2 3 4 |  4.0

Action                   |  1- 3 |  4- 6 |  7- 9 || total
-------------------------+-------+-------+-------++-------
Melee: Unarmed           |    22 |    30 |    72 ||   124
       Punch             |     1 |     4 |     3 ||     8
Invok: Stomp             |       |     1 |     3 ||     4
       Line Pass         |       |     1 |       ||     1
  Use: Potion            |       |       |     1 ||     1
 Stab: Paralysed         |       |     1 |     6 ||     7
       Sleeping          |       |       |     1 ||     1
  Eat: Chunk             |       |     7 |     6 ||    13
Armor: Robe              |     7 |     8 |    15 ||    30
Dodge: Dodged            |     4 |    14 |    39 ||    57
